 Dungeon Crawl Stone Soup version 0.29-a0-668-g12ee2bf84d (webtiles) character file.

Game seed: 9747667792019800422

13 benadryl the Stinger (level 2, -2/19 HPs)
             Began as a Formicid Venom Mage on June 23, 2022.
             Frozen to death by an endoplasm (4 damage)
             ... on level 2 of the Dungeon.
             The game lasted 00:02:17 (454 turns).

benadryl the Stinger (Formicid Venom Mage)           Turns: 454, Time: 00:02:17

Health: -2/19      AC:  2    Str: 12    XL:     2   Next: 50%
Magic:  3/6        EV: 12    Int: 14    God:
Gold:   10         SH:  0    Dex: 14    Spells: 6/7 levels left

rFire   . . .      SeeInvis +   f - +0 dagger
rCold   . . .      Faith    .   (no shield)
rNeg    . . .      Spirit   .   a - +0 robe
rPois   .          Reflect  .   (helmet unavailable)
rElec   .          Harm     .   (no cloak)
rCorr   .          Rampage  .   (no gloves)
Will    .....                   (no boots)
Stlth   ++........              (no amulet)
HPRegen 0.06/turn               (no ring)
MPRegen 0.10/turn               (no ring)

@: no status effects
A: permanent stasis, dig shafts and tunnels, antennae 3, four strong arms
a: Dig, Shaft Self


You were on level 2 of the Dungeon.
You visited 1 branch of the dungeon, and saw 2 of its levels.

You collected 10 gold pieces.

Inventory:

Hand Weapons
 f - a +0 dagger (weapon)
Armour
 a - a +0 robe (worn)
Scrolls
 d - a scroll of enchant armour {unknown}
Potions
 b - a potion of magic


   Skills:
 - Level 1.7 Dodging
 - Level 2.4 Stealth
 + Level 3.1 Spellcasting
 - Level 1.1 Transmutations
 - Level 4.0 Poison Magic


You had 6 spell levels left.
You knew the following spells:

 Your Spells              Type           Power      Damage    Failure   Level
a - Sting                 Tmut/Pois      36%        1d4       8%          1

Your spell library contained the following spells:

 Spells                   Type           Power      Damage    Failure   Level
 Poisonous Vapours        Pois/Air       14%        N/A       14%         2
 Mephitic Cloud           Conj/Pois/Air  5%         N/A       36%         3
 Olgreb's Toxic Radiance  Pois           13%        N/A       38%         4


Dungeon Overview and Level Annotations

Branches:
Dungeon (2/15)

Altars:


Innate Abilities, Weirdness & Mutations

You cannot be hasted, slowed, berserked, paralysed or teleported.
You can dig through walls and to a lower floor.
You have a pair of large antennae on your head. (SInv)
Your four strong arms can wield two-handed weapons with a shield.


Message History

Okay, then.
The endoplasm attacks as you move away! The endoplasm barely misses you.
The endoplasm attacks as you move away! The endoplasm closely misses you.
Casting: Sting (safe; 8% risk of failure)
Confirm with . or Enter, or press ? or * to list all spells.
Aiming: Sting (safe; 8% risk of failure)
Press: ? - help, Shift-Dir - straight line, f - endoplasm
Aim: an endoplasm (97% to hit)
The sting hits the endoplasm.
The endoplasm partially resists.
The endoplasm is moderately wounded.
The endoplasm closely misses you. The endoplasm attacks as you move away!
The endoplasm closely misses you.
The endoplasm jiggles.
The endoplasm attacks as you move away! The endoplasm barely misses you.
The endoplasm attacks as you move away! The endoplasm barely misses you.
There is a stone staircase leading down here.
The endoplasm barely misses you.
You climb downwards.
There is a stone staircase leading up here.
Casting: Sting (safe; 8% risk of failure)
Confirm with . or Enter, or press ? or * to list all spells.
Aiming: Sting (safe; 8% risk of failure)
Press: ? - help, Shift-Dir - straight line, f - endoplasm
Aim: an endoplasm (97% to hit)
The sting hits the endoplasm.
The endoplasm partially resists.
The endoplasm is moderately wounded.
The endoplasm freezes you.
You are frozen.
* * * LOW HITPOINT WARNING * * *
Casting: Sting (safe; 8% risk of failure)
Confirm with . or Enter, or press ? or * to list all spells.
Aiming: Sting (safe; 8% risk of failure)
Press: ? - help, Shift-Dir - straight line, f/p - endoplasm
Aim: an endoplasm (moderately wounded, 97% to hit)
The sting hits the endoplasm but does no damage.
The endoplasm is poisoned.
The endoplasm is moderately wounded.
The endoplasm freezes you.
You are frozen.
You die...

###
..#
#.#
#.#
#.#
#J#
#@#
###


You could see an endoplasm (poisoned).

Vanquished Creatures
  2 endoplasms (D:1)
  3 goblins (D:1)
  A quokka (D:1)
  4 bats (D:1)
  A kobold (D:1)
11 creatures vanquished.

Notes
Turn   | Place    | Note
-------+----------+-------------------------------------------
     0 | D:1      | benadryl the Formicid Venom Mage began the quest for the
                  | Orb.
     0 | D:1      | Reached XP level 1. HP: 13/13 MP: 3/3
    84 | D:1      | Found a faded altar of an unknown god.
   217 | D:1      | Reached XP level 2. HP: 12/19 MP: 0/5
   454 | D:2      | Frozen to death by an endoplasm

Illustrated notes

Levels and vault maps discovered:
D:1:      sevenhm_arrival_forest_fort_small_3, layout_rooms,
          dreamdust_ecumenical_altar_grove
D:2:      layout_basic

Skill      XL: |  1  2 |
---------------+-------+-----
Spellcasting   | 3 |  3.1
Dodging        | |  1.7
Stealth        | |  2.4
Transmutations | |  1.1
Poison Magic   | |  4.0

Action                   || total
-------------------------++-------
Melee: Unarmed           ||     6
       Club              ||     3
       Dagger            ||     3
 Cast: Sting             ||    17
  Use: Scroll            ||     1
Armor: Robe              ||     7
Dodge: Dodged            ||    27

Table legend: (Time is in decaauts)
 A = Elapsed time spent in this place.
 B = Non-inter-level travel time spent in this place.
 C = Inter-level travel time spent in this place.
 D = Time resting spent in this place.
 E = Time spent auto-exploring this place.
 F = Levels seen in this place.
 G = Mean time per level.
                   A        B        C        D        E       F      G
               +--------+--------+--------+--------+--------+-----+--------+
         Total |    453 |    453 |      0 |    116 |     89 |   2 |  226.5 |
       Dungeon |    453 |    453 |      0 |    116 |     89 |   2 |  226.5 |
               +--------+--------+--------+--------+--------+-----+--------+

Top non-repeatable levels by time:
     D:1: 451 daAuts
     D:2: 1 daAuts
